 Dungeon Crawl Stone Soup version 0.24-a0-584-g9d6b971ae4 (webtiles) character file.

Game seed: 3320972662255305442, levelgen mode: deterministic

261 BigAxe the Chopper (level 6, -13/48 HPs)
             Began as a Human Berserker on Sept 6, 2019.
             Was a Believer of Trog.
             Mangled by Duvessa
             ... wielding a +6 short sword of venom
              (14 damage)
             ... on level 4 of the Dungeon.
             The game lasted 00:09:06 (3624 turns).

BigAxe the Chopper (Human Berserker)                Turns: 3624, Time: 00:09:07

Health: -13/48     AC:  6    Str: 20    XL:     6   Next: 41%
Magic:  6/6        EV: 12    Int:  7    God:    Trog [**....]
Gold:   89         SH:  0    Dex: 12    Spells: 5/5 levels left

rFire    . . .     SeeInvis .   a - +1 hand axe
rCold    . . .     Gourm    .   (no shield)
rNeg     . . .     Faith    .   g - +0 ring mail
rPois    .         Spirit   .   m - +0 helmet
rElec    .         Reflect  .   (no cloak)
rCorr    .         Harm     .   (no gloves)
MR       ++...                  (no boots)
Stlth    +.........             (no amulet)
HPRegen  1.16/turn              (no ring)
MPRegen  0.10/turn              (no ring)

@: lethally poisoned (-13 -> -13), about to teleport, regenerating
A: no striking features
a: Berserk, Trog's Hand, Renounce Religion


You were on level 4 of the Dungeon.
You worshipped Trog.
Trog was pleased with you.
You were not hungry.

You visited 1 branch of the dungeon, and saw 4 of its levels.

You collected 89 gold pieces.

Inventory:

Hand Weapons
 a - a +1 hand axe (weapon)
Armour
 b - a +0 animal skin
 g - a +0 ring mail (worn)
 m - a +0 helmet (worn)
Wands
 l - a wand of random effects (18)
 n - a wand of disintegration (11)
Scrolls
 d - 2 scrolls of random uselessness
 e - a scroll of remove curse
 h - 2 scrolls of identify
 j - a scroll of magic mapping
 k - a scroll of fog
 o - 2 scrolls of teleportation
Potions
 f - a potion of haste {unknown}
 i - a potion of lignification
Comestibles
 c - 10 rations


   Skills:
 + Level 4.0 Fighting
 + Level 5.3 Axes
 + Level 3.0 Armour
 + Level 2.7 Dodging


You had 5 spell levels left.
You didn't know any spells.
Your spell library was empty.

Dungeon Overview and Level Annotations

Branches:
Dungeon (4/15)
 Temple: D:4-7

Altars:

Annotations:
D:4 Duvessa


Message History

Dowan hits you but does no damage.
Duvessa hits you with a +6 short sword of venom.
You miss Dowan.
Dowan is severely wounded.
You hit Duvessa but do no damage.
You feel sick.
Duvessa hits you with a +6 short sword of venom!
Dowan hits you but does no damage.
You slash Dowan!
You kill Dowan!
Trog accepts your kill.
Trog appreciates your killing of a magic user.
Duvessa screams in rage.
Duvessa goes berserk!
You hit Duvessa but do no damage.
You feel sick. Duvessa barely misses you.
Duvessa hits you with a +6 short sword of venom!
* * * LOW HITPOINT WARNING * * *
As you read the scroll of teleportation, it crumbles to dust.
You feel strangely unstable.
You feel sick.
Duvessa hits you with a +6 short sword of venom!
You die...

###.#.. #..........##.
.#.#...
###...#..#....#.#........
..>...+.....?...#.......#
......#..#.#............
....#.#..#.#............
...)#.#..#.#.........####
....#.#..#.#....)...<...#
....#.#.<#.#...e@....##.#
....#.##.#.#............#
....#....#.##....########
....######.##..........#
##.......................
#########.............##
######..........
#.......### #.......#


You could see Duvessa (berserk).

Vanquished Creatures
  Dowan (D:4)
  A worker ant (D:4)
  Natasha (thrice) (D:2)
  Robin (D:2)
  An adder (D:2)
  2 oozes
  3 leopard geckos
  An orc (D:4)
  8 giant cockroaches
  18 goblins
  11 hobgoblins
  9 kobolds
  A quokka (D:2)
  8 bats
  A frilled lizard (D:2)
  8 rats
77 creatures vanquished.

Notes
Turn   | Place    | Note
-------+----------+-------------------------------------------
     0 | D:1      | BigAxe the Human Berserker began the quest for the Orb.
     0 | D:1      | Reached XP level 1. HP: 18/18 MP: 1/1
    50 | D:1      | Reached XP level 2. HP: 6/24 MP: 2/2
   829 | D:1      | Reached XP level 3. HP: 28/29 MP: 3/3
  1284 | D:2      | Noticed Robin
  1302 | D:2      | Killed Robin
  1302 | D:2      | Reached ** piety under Trog
  1304 | D:2      | Reached XP level 4. HP: 35/35 MP: 4/4
  1464 | D:2      | Reached skill level 4 in Axes
  1932 | D:2      | Noticed Natasha
  1940 | D:2      | Killed Natasha
  1940 | D:2      | Reached XP level 5. HP: 34/42 MP: 5/5
  2008 | D:2      | Noticed Natasha
  2023 | D:2      | Killed Natasha
  2237 | D:2      | Noticed Natasha
  2249 | D:2      | Killed Natasha
  3094 | D:3      | Reached skill level 5 in Axes
  3484 | D:4      | Reached XP level 6. HP: 35/48 MP: 6/6
  3610 | D:4      | Noticed Duvessa
  3610 | D:4      | Noticed Dowan
  3623 | D:4      | Killed Dowan
  3623 | D:4      | HP: 1/48 [Duvessa/+6 short sword of venom (15)]
  3624 | D:4      | Mangled by Duvessa

Levels and vault maps discovered:
D:1:      dpeg_arrival_erosion, layout_basic
D:2:      layout_basic, uniq_natasha, uniq_robin
D:3:      kennysheep_the_goblin_king, layout_loops_corners, first_ration
D:4:      layout_basic, uniq_duvessa

Skill      XL: |  1  2  3  4  5 |
---------------+----------------+-----
Axes           | 4 5 |  5.3
Fighting       | 4 |  4.0
Armour         | 3 |  3.0
Dodging        | |  2.7

Action                   |  1- 3 |  4- 6 || total
-------------------------+-------+-------++-------
Melee: Hand axe          |    77 |   148 ||   225
Invok: Berserk           |     1 |     1 ||     2
       Trog's Hand       |       |     1 ||     1
  Use: Scroll            |     4 |     6 ||    10
       Potion            |     2 |     2 ||     4
  Eat: Chunk             |     1 |     7 ||     8
       Ration            |       |     1 ||     1
Armor: Animal skin       |     5 |       ||     5
       Ring mail         |    21 |    54 ||    75
Dodge: Dodged            |    72 |    99 ||   171

Table legend:
 A = Non-vault XP
 B = Vault XP
 C = Vault XP percentage of total XP
 D = Non-vault monster count
 E = Vault monster count
 F = Vault count percentage of total count
                 A         B        C        D         E       F
            +---------+---------+-------+---------+---------+-------
      Total |     220 |     153 |  41.0 |      56 |      21 |  27.3
            +---------+---------+-------+---------+---------+-------
        D:1 |      32 |       0 |   0.0 |      16 |       0 |   0.0
        D:2 |     125 |      71 |  36.2 |      27 |      13 |  32.5
        D:3 |      24 |      13 |  35.1 |      11 |       7 |  38.9
        D:4 |      39 |      69 |  63.9 |       2 |       1 |  33.3
            +---------+---------+-------+---------+---------+-------
